 Dungeon Crawl Stone Soup version 0.31-a0-507-gbafd7f5274 (webtiles) character file.

Game seed: 12298791020007813530

2657550 motkurizz the Impregnable (level 27, 220/220 HPs)
             Began as a Gnoll Wanderer on Aug 9, 2023.
             Was the Champion of Cheibriados.
             Escaped with the Orb
             ... and 4 runes on Aug 10, 2023!
             The game lasted 05:12:27 (56128 turns).

motkurizz the Impregnable (Gnoll Wanderer)         Turns: 56128, Time: 05:12:27

Health: 220/220    AC: 38    Str: 25    XL:     27
Magic:  46/46      EV: 46    Int: 30    God:    Cheibriados [******]
Gold:   6126       SH: 39    Dex: 50    Spells: 7/64 levels left

rFire   + + .        O - +9 eudemon blade (holy)
rCold   . . .        S - +8 tower shield {AC+3}
rNeg    + . .        C - +5 faerie dragon scales {rF+ rCorr}
rPois   +            d - +3 crown of Dyrovepreva {rElec Int+2 SInv}
rElec   +            U - +4 dragonskin cloak
rCorr   +            o - +3 pair of gloves of Chimes {Str-4 Dex+5}
SInv    +            n - +2 pair of boots of Inviolability {+Inv}
Will    +++..        R - amulet "Owevauwk" {RegenMP rF+ Regen+ rCorr Int-3}
Stlth   +++          W - ring of the Garden {rPois rN+ Will+ Dex+3}
HPRegen 1.36/turn    z - +6 ring of dexterity
MPRegen 0.70/turn

%: no passive effects
@: studying 2 skills, very slow
A: fangs 1, strong nose, distributed training, iridescent scales 1, clever 1,
deformed body, poison resistance, inability to read after injury 1
0: Orb of Zot
}: 4/15 runes: decaying, serpentine, silver, abyssal
a: Renounce Religion, Evoke Invisibility, Bend Time, Temporal Distortion,
Slouch, Step From Time


You escaped.
You worshipped Cheibriados.
Cheibriados was exalted by your worship.
You visited 10 branches of the dungeon, and saw 48 of its levels.
You visited the Abyss 1 time.
You visited 1 bazaar.
You also visited: Sewer and Gauntlet.

You collected 9477 gold pieces.
You spent 3351 gold pieces at shops.

Inventory:

Hand Weapons
 a - a +5 demon blade of flaming
 b - a +9 hand crossbow of flaming
 O - a +9 eudemon blade of holy wrath (weapon)
Missiles
 j - a poisoned dart
 B - 7 datura-tipped darts
 G - 9 curare-tipped darts
Armour
 d - the +3 crown of Dyrovepreva (worn) {rElec Int+2 SInv}
   (You bought it in a shop in a bazaar)

   Int+2:     It affects your intelligence (+2).
   rElec:     It insulates you from electricity.
   SInv:      It lets you see invisible.
 g - the scarf "Golezim" {rC+ rF+, rPois rN+ Str+3 Slay+2}
   (You acquired it on level 2 of the Orcish Mines)

   Str+3:     It affects your strength (+3).
   Slay+2:    It affects your accuracy & damage with ranged weapons and melee
   (+2).
   rPois:     It protects you from poison rN+: It protects you from negative
   energy.
 n - the +2 pair of boots of Inviolability (worn) {+Inv}
   (You found it on level 5 of the Dungeon)

   +Inv:      It lets you turn invisible.
 o - the +3 pair of gloves of Chimes (worn) {Str-4 Dex+5}
   (You bought it in a shop in a bazaar)

   Str-4:     It affects your strength (-4).
   Dex+5:     It affects your dexterity (+5).
 C - the +5 faerie dragon scales (worn) {rF+ rCorr}
   (You took it off the Enchantress on level 1 of the Depths)

   rF+:       It protects you from fire.
   rCorr:     It protects you from acid and corrosion.
 S - a +8 tower shield of protection (worn)
 U - the +4 dragonskin cloak (worn)
   (You took it off Tiamat on level 5 of the Realm of Zot)

   Avatar's Aegis: It grants the wearer a chance to resist fire, cold, poison,
   electricity, acid, and negative energy.
Jewellery
 e - the ring of Foolhardiness {Fire Drain rElec rPois rCorr}
   (You took it off a deep elf pyromancer on level 3 of the Elven Halls)

   [ring of fire]

   Fire:      It enhances your fire magic.
   rF+:       It protects you from fire.
   rC-:       It makes you vulnerable to cold.
   rElec:     It insulates you from electricity.
   rPois:     It protects you from poison rCorr: It protects you from acid and
   corrosion.
   Drain:     It drains your maximum health when unequipped.
 z - a +6 ring of dexterity (right hand)
 R - the amulet "Owevauwk" (around neck) {RegenMP rF+ Regen+ rCorr Int-3}
   (You acquired it on level 14 of the Dungeon)

   [amulet of magic regeneration]

   RegenMP:   It increases your rate of magic regeneration.
   Int-3:     It affects your intelligence (-3).
   rF+:       It protects you from fire.
   Regen+:    It increases your rate of health regeneration.
   rCorr:     It protects you from acid and corrosion.
 W - the ring of the Garden (left hand) {rPois rN+ Will+ Dex+3}
   (You acquired it on level 1 of the Elven Halls)

   [ring of positive energy]

   Dex+3:     It affects your dexterity (+3).
   rPois:     It protects you from poison rN+: It protects you from negative
   energy.
   Will+:     It increases your willpower.
 X - a ring of the Octopus King {HP+2 MP+9 AC+2 EV+2 SH+2}
   (You found it on level 5 of the Lair of Beasts)

   [ring of magical power]

   AC+2:      It affects your AC (+2).
   EV+2:      It affects your evasion (+2).
   HP+2:      It affects your health (+2).
   MP+9:      It affects your magic capacity (+9).
   SH+2:      It affects your SH (+2).
Wands
 v - a wand of digging (2)
 M - a wand of charming (51)
 N - a wand of light (22)
 P - a wand of mindburst (2)
 Z - a wand of roots (31)
Scrolls
 k - 11 scrolls of poison
 l - 26 scrolls of identify
 m - a scroll of revelation
 p - 7 scrolls of immolation
 q - 7 scrolls of fear
 r - 4 scrolls of amnesia
 t - 8 scrolls of butterflies
 y - 20 scrolls of teleportation
 F - 9 scrolls of blinking
 I - 3 scrolls of enchant armour
 L - 2 scrolls of silence
 Q - a scroll of brand weapon
Potions
 c - 9 potions of magic
 h - a potion of berserk rage
 i - 6 potions of ambrosia
 s - 15 potions of heal wounds
 A - 5 potions of might
 D - 7 potions of brilliance
 H - 2 potions of mutation
 J - 19 potions of curing
 K - 3 potions of enlightenment
 T - 5 potions of cancellation
 V - 9 potions of attraction
 Y - 7 potions of resistance
Miscellaneous
 f - a phantom mirror (inert)
 w - a lightning rod (4/4)
 E - a phial of floods (inert)


   Skills:
 + Level 18.8 Fighting
 + Level 18.8 Short Blades
 + Level 18.8 Long Blades
 + Level 19.2 Axes
 + Level 18.8 Maces & Flails
 + Level 18.8 Polearms
 + Level 18.8 Staves
 + Level 18.8 Ranged Weapons
 + Level 24.3 Throwing
 + Level 25.2 Armour
 + Level 18.9 Dodging
 + Level 18.9 Stealth
 + Level 18.8 Shields
 + Level 18.8 Unarmed Combat
 + Level 19.0 Spellcasting
 + Level 16.0 Conjurations
 + Level 16.0 Hexes
 + Level 16.0 Summonings
 + Level 16.0 Necromancy
 + Level 17.3 Translocations
 + Level 16.0 Transmutations
 + Level 16.0 Fire Magic
 + Level 16.0 Ice Magic
 + Level 16.0 Air Magic
 + Level 16.0 Earth Magic
 + Level 16.0 Poison Magic
 + Level 20.3 Invocations
 + Level 18.8 Evocations
 + Level 16.0 Shapeshifting


You had 7 spell levels left.
You knew the following spells:

 Your Spells              Type           Power      Damage    Failure   Level
a - Ozocubu's Armour      Ice            90%        N/A       0%          3
b - Blink                 Tloc           100%       N/A       0%          2
c - Death Channel         Necr           45%        N/A       1%          6
d - Sandblast             Erth           100%       2d20      0%          1
f - Leda's Liquefaction   Hex/Erth       45%        N/A       1%          4
i - Borgnjor's Vile Clut  Necr/Erth      45%        N/A       1%          5
j - Silence               Hex/Air        45%        N/A       1%          5
k - Freezing Cloud        Conj/Ice/Air   45%        6-21      1%          5
l - Irradiate             Conj/Tmut      45%        3d26      1%          5
m - Haunt                 Necr/Summ      45%        N/A       3%          7
o - Ozocubu's Refrigerat  Ice            45%        4d17      3%          7
p - Passage of Golubria   Tloc           93%        N/A       1%          4
v - Vhi's Electric Charg  Tloc/Air       100%       N/A       0%          3

Your spell library contained the following spells:

 Spells                   Type           Power      Damage    Failure   Level
 Apportation              Tloc           100%       N/A       0%          1
 Foxfire                  Conj/Fire      100%       2x1d9     0%          1
 Freeze                   Ice            100%       1d10      0%          1
 Magic Dart               Conj           100%       1d8       0%          1
 Necrotise                Necr           100%       1d9       0%          1
 Slow                     Hex            100%       N/A       0%          1
 Summon Small Mammal      Summ           100%       N/A       0%          1
 Call Imp                 Summ           100%       N/A       0%          2
 Cigotuvi's Dreadful Rot  Necr/Pois/Air  100%       N/A       0%          2
 Passwall                 Tmut/Erth      75%        N/A       0%          2
 Poisonous Vapours        Pois/Air       100%       N/A       0%          2
 Scorch                   Fire           100%       2d9       0%          2
 Searing Ray              Conj           100%       2d8       0%          2
 Static Discharge         Conj/Air       100%       2-7/arc   0%          2
 Wereblood                Tmut           90%        N/A       0%          2
 Call Canine Familiar     Summ           90%        N/A       0%          3
 Dazzling Flash           Conj/Hex       100%       N/A       0%          3
 Frozen Ramparts          Ice            100%       1d16      0%          3
 Gell's Gravitas          Tloc           93%        N/A       0%          3
 Hailstorm                Conj/Ice       90%        3d18      0%          3
 Ignite Poison            Fire/Tmut/Pois 90%        N/A       0%          3
 Mephitic Cloud           Conj/Pois/Air  90%        N/A       0%          3
 Portal Projectile        Hex/Tloc       100%       N/A       0%          3
 Stone Arrow              Conj/Erth      100%       3d13      0%          3
 Summon Guardian Golem    Hex/Summ       90%        N/A       0%          3
 Tukima's Dance           Hex            90%        N/A       0%          3
 Vampiric Draining        Necr           90%        2d12      0%          3
 Airstrike                Air            45%        2d(7-23)  1%          4
 Animate Armour           Summ/Erth      100%       N/A       1%          4
 Animate Dead             Necr           90%        N/A       1%          4
 Dispel Undead            Necr           90%        3d29      1%          4
 Flame Wave               Conj/Fire      90%        2d19      1%          4
 Fulminant Prism          Conj/Hex       45%        3d21      1%          4
 Iskenderun's Mystic Bla  Conj/Tloc      91%        2d18      1%          4
 Manifold Assault         Tloc           93%        N/A       1%          4
 Sticky Flame             Conj/Fire      90%        2d10      1%          4
 Summon Ice Beast         Ice/Summ       90%        N/A       1%          4
 Summon Lightning Spire   Summ/Air       90%        N/A       1%          4
 Agony                    Necr           90%        N/A       1%          5
 Alistair's Intoxication  Tmut/Pois      60%        N/A       1%          5
 Arcjolt                  Conj/Air       45%        1d55      1%          5
 Iskenderun's Battlesphe  Conj           90%        2d14      1%          5
 Lee's Rapid Deconstruct  Erth           45%        3d22*     1%          5
 Metabolic Englaciation   Hex/Ice        45%        N/A       1%          5
 Summon Mana Viper        Hex/Summ       90%        N/A       1%          5
 Dispersal                Tloc           46%        N/A       1%          6
 Leda's Unmaking          Conj/Erth      45%        9d8       1%          6
 Plasma Beam              Fire/Air       45%        2x1d59    1%          6
 Simulacrum               Ice/Necr       45%        N/A       1%          6
 Starburst                Conj/Fire      45%        6d13      1%          6
 Summon Cactus Giant      Summ           45%        N/A       1%          6
 Monstrous Menagerie      Summ           45%        N/A       3%          7
 Orb of Destruction       Conj           45%        9d12      3%          7
 Spellforged Servitor     Conj/Summ      45%        N/A       3%          7
 Disjunction              Tloc           46%        N/A       14%         8
 Ignition                 Fire           45%        3d13      26%         8
 Infestation              Necr           45%        N/A       26%         8
 Lehudib's Crystal Spear  Conj/Erth      45%        10d11     26%         8
 Polar Vortex             Ice            45%        12d6*     98%         9


Dungeon Overview and Level Annotations

Branches:
Dungeon (15/15)            Temple (1/1) D:6            Lair (5/5) D:11
  Swamp (4/4) Lair:2        Snake (4/4) Lair:2        Slime (0/5) Lair:5
    Orc (2/2) D:12            Elf (3/3) Orc:2        Vaults (5/5) D:13
  Crypt (0/3) Vaults:2     Depths (4/4) D:15            Zot (5/5) Depths:4
  Sewer (visited)         Gauntlet (visited)

Altars:
Ashenzari
Cheibriados
Dithmenos
Elyvilon
Fedhas
Gozag
Hepliaklqana
Kikubaaqudgha
Makhleb
Nemelex Xobeh
Okawaru
Qazlal
Ru
Sif Muna
Trog
Uskayaw
Vehumet
Wu Jian
Xom
Yredelemnul
Zin
The Shining One
Jiyva

Shops:
Orc:2 [*([=   Elf:2 *   Snake:4 *   Vaults:1 [   Vaults:2 [   Depths:2 ==:

Portals:
Hell: Depths:1 Depths:2 Depths:3 Depths:4
Abyss: Depths:3
Pandemonium: Depths:1 Depths:2
Ziggurat: Depths:1
Trove: Elf:1 (give 7 scrolls of fear)

Annotations:
D:1 exclusion: downstairs
D:2 exclusion: downstairs
D:3 exclusion: downstairs
D:5 exclusion: downstairs
D:6 exclusion: downstairs
D:7 1 exclusion
D:8 exclusion: downstairs
D:9 Erica
Lair:1 exclusion: downstairs
Lair:3 exclusion: downstairs
Snake:3 exclusion: downstairs
Zot:3 exclusion: downstairs
Zot:4 exclusions: door and 1 more exclusion
Zot:5 1 exclusion


Innate Abilities, Weirdness & Mutations

You have very sharp teeth.
Your uncanny sense of smell can sniff out nearby items.
Your experience applies equally to all skills.
You are partially covered in iridescent scales. (AC +2)
Your mind is acute. (Int +4, Str/Dex -1)
Armour fits poorly on your strangely shaped body.
Your system is resistant to poisons. (rPois)
You occasionally lose the ability to read scrolls when taking damage.


Message History

You closely miss the sixfirhy.
The sixfirhy is heavily wounded.
You block the sixfirhy's attack. x2
You slice the sixfirhy!!
You kill the sixfirhy!
Cheibriados thoroughly appreciates the change of pace.
What level of the Dungeon? (default 1, ? - help)
An Orb Guardian comes into view.
You block the Orb Guardian's attack.
You slash the Orb Guardian!
You bite the Orb Guardian, but do no damage.
The Orb Guardian is lightly wounded.
You block the Orb Guardian's attack.
You slice the Orb Guardian!!
The Orb Guardian is heavily wounded.
You block the Orb Guardian's attack.
You open the Orb Guardian like a pillowcase!!!
You kill the Orb Guardian!
Cheibriados appreciates the change of pace.
No target in view!
What level of the Dungeon? (default 1, ? - help)
There is a stone staircase leading up here.
You climb upwards.
Level annotation: exclusion: downstairs
There is a stone staircase leading down here.
There is a stone staircase leading up here.
You climb upwards.
Level annotation: exclusion: downstairs
There is a stone staircase leading down here.
There is a stone staircase leading up here.
You climb upwards.
Level annotation: exclusion: downstairs
There is a stone staircase leading down here.
Okay, then.
Unknown command.
Press: ? - help, v - describe, . - travel A stone staircase leading down.
This square is covered in magical glow.
There is a staircase leading out of the dungeon here.
You have escaped!

#............#########.#
#.#
#......................#
#.#
#......................#
#.#
#......................#
#.#
#######...###.....♣....#
#.# #...# #....8.....#
#.### #...# #..........#
#.##. #.### #..........#
#.##. #.# #...@......###
#.##.
#.#####............####.#..
#.......................#.#
###################.......#
#..............>.###
#.##################
#.##................
#....############### ######


There were no monsters in sight!

Vanquished Creatures
  3 dread liches
  Tiamat (Zot:5)
  2 ancient liches
  7 orbs of fire
  Mennas (Vaults:3)
  A juggernaut (Depths:3)
  Sojobo (Depths:4)
  3 pandemonium lords
  Boris (Depths:3)
  9 Killer Klowns
  3 curse toes (Zot:5)
  A caustic shrike (Depths:3)
  Nikola (Swamp:4)
  the Enchantress (Depths:1)
  9 golden dragons
  Jory (Vaults:3)
  A profane servitor (Abyss:3)
  3 electric golems
  A Tzitzimitl (Zot:2)
  15 tentacled monstrosities
  5 liches
  27 Orb Guardians
  A walking earthen tome (Depths:3)
  3 titans
  A walking crystal tome (Depths:4)
  9 quicksilver dragons
  3 deep elf master archers (Elf:3)
  3 deep elf blademasters
  2 sphinxes
  A tentacled starspawn (Abyss:3)
  2 thorn hunters
  9 storm dragons
  4 draconian monks
  3 death cobs
  Kirke (Swamp:4)
  9 shadow dragons
  4 tengu reavers
  2 nagarajas (Snake:4)
  4 draconian knights
  8 fire giants
  Donald (Vaults:4)
  An azure jelly (Swamp:4)
  A daeva (Abyss:3)
  16 vault wardens
  9 deep elf sorcerers
  An iron dragon (Depths:3)
  7 draconian scorchers
  12 frost giants
  A ghost moth (Zot:3)
  2 draconian stormcallers
  5 deep elf elementalists (Elf:3)
  4 draconian shifters
  An orc warlord (D:12)
  6 draconian annihilators
  A formless jellyfish (Vaults:4)
  24 ironbound preservers
  4 spriggan defenders
  24 very ugly things
  5 war gargoyles
  2 ghouls
  5 vampire knights
  8 stone giants
  5 ironbound thunderhulks
  11 green draconians
  11 black draconians
  7 yellow draconians
  9 dire elephants
  2 eleionomae
  7 red draconians
  3 spark wasps
  6 deep elf demonologists
  4 purple draconians
  4 deep elf annihilators
  5 white draconians
  A minotaur (Gauntlet)
  2 bunyips
  A blizzard demon (Abyss:3)
  A merfolk impaler (Depths:1)
  An eidolon (Vaults:2)
  5 deep elf death magi
  12 yaktaur captains
  A merfolk javelineer (Abyss:3)
  3 ettins
  2 crystal guardians
  6 fire dragons
  5 deep elf high priests
  2 great orbs of eyes
  3 entropy weavers
  2 rakshasas
  28 vault guards
  2 salamander tyrants
  6 hydras
  4 ogre magi (Vaults:5)
  8 spriggan air magi
  11 ironbound frosthearts
  A merfolk avatar (Lair:5)
  6 ice dragons
  4 peacekeepers
  A ghost crab (Swamp:3)
  8 anacondas
  2 deep troll shamans (Depths:3)
  9 death yaks
  4 alligators
  8 two-headed ogres
  2 catoblepae
  5 boulder beetles
  9 centaur warriors
  29 dancing weapons
  6 tengu warriors
  A vampire mage (Depths:2)
  5 deep troll earth magi
  A thrashing horror (Abyss:3)
  5 shock serpents
  5 naga warriors
  A naga sharpshooter (Snake:4)
  Urug (D:12)
  7 orc high priests
  16 deep elf knights
  A wretched star (Abyss:3)
  A storm dragon zombie (D:15)
  A soul eater (Zot:5)
  Sonja (Lair:3)
  6 hell knights (Depths:3)
  7 spriggan berserkers (Depths:2)
  3 skysharks
  2 fire crabs (shapeshifter)
  A sixfirhy (D:4)
  3 glowing orange brains
  A salamander mystic (Snake:2)
  A glowing orange brain (shapeshifter) (D:13)
  An anaconda zombie (Snake:4)
  6 skeletal warriors (D:15)
  A sea snake (Lair:5)
  42 deep trolls
  3 spectral anacondas (Snake:4)
  2 spriggan druids
  An orb spider (shapeshifter) (Vaults:5)
  A bog body (Swamp:2)
  5 wizards
  4 flayed ghosts
  2 goliath frogs (Swamp:3)
  Pikel (D:9)
  2 naga ritualists (Snake:4)
  11 deep elf archers
  16 ironbound convokers
  13 phantasmal warriors
  2 swamp dragons
  3 anaconda skeletons (Snake:4)
  3 lindwurms (Vaults:3)
  2 orc knights
  5 mana vipers
  32 deep elf pyromancers
  11 harpies
  19 deep elf zephyrmancers
  4 necromancers
  4 orc sorcerers
  A sphinx zombie (D:15)
  23 ugly things
  A worldbinder (Abyss:3)
  A fire giant zombie (D:15)
  11 salamanders
  4 will-o-the-wisps
  2 cyclopes
  A wolf spider (Gauntlet)
  4 manticores
  A salamander (shapeshifter) (D:14)
  19 moths of wrath
  19 black mambas
  12 elephants
  3 guardian serpents
  5 naga magi
  An orange demon (D:13)
  A salamander zombie (Snake:4)
  A dire elephant zombie (Vaults:4)
  2 apocalypse crabs (Abyss:3)
  3 rust devils (Zot:5)
  A torpor snail (Lair:5)
  12 vault sentinels
  6 cane toads
  A smoke demon (D:15)
  2 unseen horrors
  Psyche (D:11)
  Maggie (D:9)
  A gargoyle (D:13)
  4 rime drakes (Lair:5)
  8 freezing wraiths
  A yaktaur (shapeshifter) (Vaults:5)
  16 yaktaurs
  2 kobold demonologists
  3 tengu conjurers
  8 komodo dragons
  A tormentor (Zot:5)
  3 efreet
  5 anaconda simulacra (Snake:4)
  A red devil (D:6)
  A polar bear (Lair:5)
  An ancient zyme (Abyss:3)
  2 wind drakes (Lair:5)
  A spriggan skeleton (D:15)
  6 tyrant leeches
  5 large abominations (Abyss:3)
  8 trolls
  10 hornets
  4 hellwings (D:15)
  2 blink frogs
  2 guardian serpent zombies (Snake:4)
  4 raiju (Abyss:3)
  A dream sheep (shapeshifter) (Vaults:5)
  6 dream sheep (Lair:4)
  34 slime creatures
  2 centaur simulacra
  A black mamba zombie (Snake:4)
  3 air elementals (Elf:2)
  8 spriggans
  5 wraiths
  A culicivora (shapeshifter) (Vaults:5)
  A jumping spider (shapeshifter) (D:15)
  6 water elementals
  2 shadows (D:10)
  6 wyverns
  A vampire (D:12)
  17 yaks
  A hog (Swamp:4)
  4 starcursed masses (Abyss:3)
  3 basilisks
  3 fire elementals
  5 redbacks
  3 wargs
  2 chaos spawn
  A swamp worm simulacrum (Swamp:4)
  18 vampire mosquitoes
  2 steam dragons
  22 nagas
  11 swamp worms
  2 acid dragons
  11 water moccasins
  7 hell hounds
  14 hydra simulacra (Swamp:4)
  43 orc warriors
  A black bear (shapeshifter) (Vaults:5)
  5 black bears
  2 ice beasts
  A swamp drake (Swamp:2)
  6 ogres
  7 boggarts
  A human skeleton (Vaults:1)
  6 wolves
  2 phantoms
  2 lemures (D:9)
  26 kobold brigands
  16 bullfrogs
  A scorpion (D:6)
  4 earth elementals
  A necrophage (Swamp:3)
  A gnoll sergeant (D:9)
  A hornet simulacrum (D:15)
  20 killer bees
  6 howler monkeys
  6 electric eels
  10 hounds
  2 jellies
  38 orc priests
  Terence (D:3)
  3 iguanas
  Natasha (thrice) (D:3)
  29 orc wizards
  4 hell rats
  8 adders
  13 gnolls
  An orc zombie (Depths:1)
  A shadow imp (D:3)
  A white imp (D:8)
  4 swamp drake simulacra (Swamp:4)
  6 worms (Sewer)
  2 dart slugs (D:2)
  57 orcs
  4 bats
  7 endoplasms
  6 giant cockroaches
  6 goblins
  4 hobgoblins
  2 jackals (D:2)
  37 kobolds
  7 quokkas
  11 ball pythons
  9 rats
  2 starspawn tentacles (Abyss:3)
1723 creatures vanquished.

Vanquished Creatures (collateral kills)
  A juggernaut (Depths:4)
  A Killer Klown (Zot:3)
  Saint Roka (Depths:1)
  A curse toe (Zot:4)
  Norris (Vaults:1)
  A tentacled monstrosity (Depths:3)
  A lich (Depths:2)
  A quicksilver dragon (Depths:3)
  2 death cobs (Zot:4)
  2 storm dragons
  2 sphinxes
  A shadow dragon (Depths:4)
  A tengu reaver (Depths:1)
  2 draconian monks (Zot:4)
  2 nagarajas (Snake:4)
  2 fire giants
  A frost giant (Depths:4)
  2 draconian scorchers
  3 vault wardens
  A draconian knight (Zot:3)
  A ghoul (Swamp:2)
  An orc warlord (Vaults:2)
  5 stone giants
  A formless jellyfish (Vaults:2)
  6 very ugly things
  2 ironbound preservers
  4 ironbound thunderhulks
  An eleionoma (Swamp:1)
  2 green draconians (Zot:4)
  A bunyip (Swamp:1)
  7 dire elephants
  A spark wasp (Depths:3)
  3 yellow draconians
  2 black draconians
  5 purple draconians
  2 crystal guardians (Vaults:3)
  A fire dragon (Depths:1)
  2 entropy weavers
  2 yaktaur captains (Vaults:4)
  A great orb of eyes (shapeshifter) (Depths:2)
  3 great orbs of eyes (Vaults:1)
  4 salamander tyrants
  A vault guard (D:13)
  A peacekeeper (Vaults:1)
  A deep elf high priest (Depths:4)
  A ghost crab (Swamp:3)
  A hydra (Lair:4)
  A spriggan air mage (Depths:2)
  3 rakshasas
  9 ice dragons
  A death knight (D:15)
  2 alligators
  3 anacondas
  An ironbound frostheart (Vaults:2)
  6 naga warriors
  A boulder beetle (Vaults:1)
  3 death yaks
  A two-headed ogre (Vaults:5)
  4 centaur warriors (Vaults:1)
  A dancing weapon (Elf:2)
  3 deep troll earth magi
  3 spriggan berserkers (Depths:3)
  2 naga sharpshooters (Snake:4)
  4 shock serpents
  An orc high priest (Orc:2)
  2 deep elf knights (Elf:2)
  A skeletal warrior (D:15)
  2 hell knights (Depths:3)
  3 skysharks
  2 salamander mystics
  A goliath frog (Swamp:2)
  20 deep trolls
  An anaconda zombie (Snake:4)
  A flayed ghost (Depths:3)
  A glowing orange brain (Depths:2)
  7 naga ritualists
  5 orc knights
  2 bog bodies (Swamp:1)
  A shadow dragon zombie (Depths:2)
  2 phantasmal warriors
  2 ironbound convokers
  An anaconda skeleton (Snake:4)
  A wizard (Vaults:1)
  A harpy (Vaults:3)
  A deep elf pyromancer (D:15)
  A swamp dragon (Swamp:2)
  18 ugly things
  An ugly thing zombie (Depths:1)
  2 deep elf zephyrmancers (Elf:2)
  5 mana vipers
  A will-o-the-wisp (Swamp:2)
  A tengu skeleton (Vaults:1)
  3 moths of wrath (Zot:4)
  A moth of wrath (shapeshifter) (Depths:2)
  A manticore (D:12)
  18 slime creatures
  16 salamanders
  3 guardian serpents
  12 black mambas
  3 naga magi (Snake:4)
  7 elephants
  An ice statue (D:14)
  A torpor snail (shapeshifter) (Depths:3)
  5 cane toads
  4 rime drakes
  3 vault sentinels
  8 yaktaurs
  3 komodo dragons
  An efreet (D:14)
  An anaconda simulacrum (Snake:4)
  2 tengu conjurers
  A freezing wraith (Swamp:4)
  A human zombie (Vaults:1)
  A red devil (Depths:3)
  A polar bear (Lair:3)
  A troll (shapeshifter) (Depths:3)
  A troll (Depths:1)
  A tarantella (shapeshifter) (Depths:2)
  2 tyrant leeches
  7 blink frogs
  A snapping turtle (Lair:5)
  A moth of wrath zombie (Depths:2)
  A dream sheep (Lair:4)
  5 hornets
  8 spriggans
  5 wyverns
  7 water elementals
  6 yaks
  A hog (Swamp:4)
  5 vampire mosquitoes
  A neqoxec (Depths:4)
  2 swamp worm simulacra (Swamp:4)
  2 redbacks (Vaults:2)
  27 nagas
  11 swamp worms
  6 water moccasins
  A swamp drake (Swamp:2)
  12 orc warriors
  2 black bears (Lair:4)
  A boggart (Vaults:3)
  3 ogres
  A lemure (D:9)
  An orc skeleton (Vaults:1)
  3 bullfrogs
  A kobold brigand (D:11)
  A killer bee (D:9)
  7 orc priests
  2 jellies (Lair:5)
  An iron imp (Zot:2)
  A hell rat (Lair:5)
  3 orc wizards
  2 orc zombies (Depths:1)
  A swamp drake simulacrum (Swamp:4)
  6 orcs
  3 kobolds
  A lurking horror (Abyss:3)
477 creatures vanquished.

Vanquished Creatures (others)
  A vampire knight (Depths:4)
  7 very ugly thing zombies
  A quicksilver dragon zombie (Depths:3)
  A two-headed ogre (D:9)
  A thrashing horror (Abyss:3)
  A deep elf knight (Elf:2)
  A spark wasp zombie (Depths:2)
  4 anaconda zombies
  A bog body (Swamp:3)
  An anaconda skeleton (Snake:4)
  An iron dragon zombie (Depths:3)
  A sphinx zombie (Vaults:4)
  14 ugly thing zombies
  A goliath frog zombie (Swamp:3)
  2 stone giant zombies (Depths:1)
  2 fire giant zombies
  A manticore (Lair:4)
  A salamander (Snake:2)
  A centaur zombie (D:13)
  An ugly thing (D:13)
  A shock serpent zombie (Snake:4)
  7 dire elephant zombies
  3 death yak zombies (Lair:4)
  A swamp worm zombie (Swamp:4)
  3 mana viper zombies (Snake:1)
  2 bloated husks
  18 human zombies
  8 harpy zombies (Vaults:1)
  3 ice dragon zombies
  A guardian serpent zombie (Snake:2)
  2 great orb of eyes zombies
  An ettin zombie (Depths:3)
  An alligator zombie (Swamp:2)
  11 black mamba zombies
  A yak (D:9)
  A wyvern (D:9)
  19 slime creature zombies
  A vampire mosquito (D:14)
  2 tyrant leech zombies
  17 deep troll zombies
  7 tengu zombies
  A naga (Snake:4)
  2 cane toad zombies (Lair:5)
  An elf zombie (D:15)
  A manticore zombie (Lair:4)
  10 elephant zombies
  6 dream sheep zombies (Lair:4)
  2 hog zombies (Swamp:4)
  A rime drake zombie (Lair:3)
  7 vampire mosquito zombies
  21 salamander zombies
  A komodo dragon zombie (Lair:2)
  A water moccasin zombie (Lair:3)
  A wyvern zombie (Lair:5)
  A warg zombie (Orc:2)
  A raiju zombie (Abyss:3)
  4 yak zombies
  2 wolf zombies (Lair:3)
  5 bullfrog zombies
  An orc wizard (D:12)
  An acid dragon zombie (D:13)
  23 naga zombies
  An ogre zombie (Depths:1)
  A hell rat zombie (Lair:4)
  52 orc zombies
  3 jelly zombies (Lair:5)
  A kobold (D:9)
  23 foxfires
328 creatures vanquished.

Grand Total: 2528 creatures vanquished

Notes
Turn   | Place    | Note
-------+----------+-------------------------------------------
     0 | D:1      | motkurizz the Gnoll Wanderer began the quest for the Orb.
     0 | D:1      | motkurizz set off with the following items: a +0 hand axe,
                  | 11 poisoned darts, a +0 dagger, a scroll of blinking, a +0
                  | leather armour; and the following spell memorised:
                  | Apportation; and the following spells available to
                  | memorise: Gell's Gravitas, Manifold Assault.
     0 | D:1      | Reached XP level 1. HP: 13/13 MP: 4/4
   719 | D:2      | Reached XP level 2. HP: 19/19 MP: 5/5
  1333 | D:2      | Reached XP level 3. HP: 21/25 MP: 7/7
  1373 | D:3      | Found a burning altar of Makhleb.
  1381 | D:3      | Noticed Terence
  1440 | D:3      | Reached skill level 1 in Invocations
  1476 | D:3      | Reached skill level 1 in Fighting
  1476 | D:3      | Reached skill level 1 in Short Blades
  1476 | D:3      | Reached skill level 1 in Long Blades
  1476 | D:3      | Reached skill level 1 in Maces & Flails
  1476 | D:3      | Reached skill level 1 in Polearms
  1476 | D:3      | Reached skill level 1 in Staves
  1476 | D:3      | Reached skill level 1 in Ranged Weapons
  1476 | D:3      | Reached skill level 1 in Armour
  1476 | D:3      | Reached skill level 1 in Shields
  1476 | D:3      | Reached skill level 1 in Unarmed Combat
  1476 | D:3      | Reached skill level 1 in Evocations
  1531 | D:3      | Found a glowing drain.
  1554 | D:3      | Reached XP level 4. HP: 22/32 MP: 8/8
  1591 | Sewer    | Entered a sewer
  1832 | Sewer    | Noticed a kobold brigand
  1869 | Sewer    | Killed a kobold brigand
  1870 | Sewer    | Reached skill level 1 in Conjurations
  1870 | Sewer    | Reached skill level 1 in Hexes
  1870 | Sewer    | Reached skill level 1 in Summonings
  1870 | Sewer    | Reached skill level 1 in Necromancy
  1870 | Sewer    | Reached skill level 1 in Transmutations
  1870 | Sewer    | Reached skill level 1 in Fire Magic
  1870 | Sewer    | Reached skill level 1 in Ice Magic
  1870 | Sewer    | Reached skill level 1 in Air Magic
  1870 | Sewer    | Reached skill level 1 in Earth Magic
  1870 | Sewer    | Reached skill level 1 in Poison Magic
  1870 | Sewer    | Reached skill level 1 in Shapeshifting
  1870 | Sewer    | Reached XP level 5. HP: 23/37 MP: 9/9
  2176 | Sewer    | Noticed a kobold brigand
  2194 | Sewer    | Killed a kobold brigand
  2303 | Sewer    | Reached XP level 6. HP: 41/44 MP: 9/11
  2534 | Sewer    | Reached skill level 5 in Axes
  2534 | Sewer    | Reached skill level 2 in Armour
  3093 | D:3      | Killed Terence
  3182 | D:3      | Noticed Natasha
  3193 | D:3      | Killed Natasha
  3194 | D:3      | Reached XP level 7. HP: 38/50 MP: 12/12
  4108 | D:3      | Noticed Natasha
  4110 | D:3      | Learned a level 3 spell: Gell's Gravitas
  4120 | D:3      | Killed Natasha
  4369 | D:3      | Noticed Natasha
  4374 | D:3      | Killed Natasha
  5037 | D:5      | Entered Level 5 of the Dungeon
  5043 | D:5      | Identified the +2 pair of boots of Inviolability {+Inv}
  5182 | D:5      | Reached XP level 8. HP: 57/57 MP: 14/14
  5344 | D:5      | Reached skill level 3 in Armour
  5990 | D:6      | Learned a level 4 spell: Manifold Assault
  5992 | D:6      | Learned a level 1 spell: Sandblast
  6475 | D:7      | Learned a level 2 spell: Passwall
  6689 | D:7      | Reached XP level 9. HP: 57/65 MP: 7/16
  6844 | D:7      | Found a hazy altar of Hepliaklqana.
  6848 | D:7      | Found a hide-covered altar of Uskayaw.
  6848 | D:7      | Found a shimmering altar of Xom.
  6850 | D:7      | Found a sparkling altar of Nemelex Xobeh.
  6850 | D:7      | Found a shimmering blue altar of Sif Muna.
  6850 | D:7      | Found a blossoming altar of Fedhas.
  7188 | D:6      | Reached skill level 4 in Armour
  7188 | D:6      | Reached skill level 5 in Spellcasting
  7259 | D:6      | Learned a level 2 spell: Scorch
  7403 | D:6      | Found an iron altar of Okawaru.
  7448 | D:6      | Reached skill level 5 in Throwing
  7448 | D:6      | Reached skill level 5 in Dodging
  7570 | D:6      | Reached skill level 5 in Stealth
  7721 | D:6      | Found a staircase to the Ecumenical Temple.
  7727 | Temple   | Entered the Ecumenical Temple
  8166 | D:8      | Noticed a hornet
  8272 | D:8      | Reached skill level 5 in Invocations
  8327 | D:8      | Learned a level 3 spell: Ozocubu's Armour
  8434 | D:8      | Killed a hornet
  8435 | D:8      | Reached skill level 5 in Armour
  8576 | D:8      | Reached XP level 10. HP: 73/73 MP: 18/18
  8766 | D:8      | Reached skill level 5 in Fighting
  8766 | D:8      | Reached skill level 5 in Short Blades
  8766 | D:8      | Reached skill level 5 in Long Blades
  8766 | D:8      | Reached skill level 5 in Maces & Flails
  8766 | D:8      | Reached skill level 5 in Polearms
  8766 | D:8      | Reached skill level 5 in Staves
  8766 | D:8      | Reached skill level 5 in Ranged Weapons
  8766 | D:8      | Reached skill level 5 in Shields
  8766 | D:8      | Reached skill level 5 in Unarmed Combat
  8766 | D:8      | Reached skill level 5 in Evocations
  8797 | D:8      | Found a snail-covered altar of Cheibriados.
  8803 | D:8      | Became a worshipper of Cheibriados the Contemplative
  9591 | D:9      | Identified the +3 mace of Cheibriados's Delight {heavy,
                  | Will+ Stlth+}
  9730 | D:9      | Reached * piety under Cheibriados
  9833 | D:9      | Reached skill level 6 in Armour
 10111 | D:9      | Noticed Pikel
 10134 | D:9      | Noticed Maggie
 10135 | D:9      | Noticed a two-headed ogre
 10307 | D:9      | Identified the +9 ring mail of Woruxkui {rElec rCorr MP-9}
 10489 | D:9      | Killed Maggie
 10504 | D:9      | Noticed Erica
 10630 | D:9      | Killed Pikel
 10744 | D:10     | Entered Level 10 of the Dungeon
 10764 | D:10     | Reached skill level 7 in Armour
 10820 | D:10     | Learned a level 3 spell: Call Canine Familiar
 10901 | D:10     | Reached ** piety under Cheibriados
 10975 | D:10     | Noticed a manticore
 10978 | D:10     | Noticed a catoblepas
 10981 | D:10     | Killed a manticore
 10982 | D:10     | Reached XP level 11. HP: 81/81 MP: 2/21
 10996 | D:10     | Killed a catoblepas
 10997 | D:10     | Reached skill level 5 in Conjurations
 10997 | D:10     | Reached skill level 5 in Hexes
 10997 | D:10     | Reached skill level 5 in Summonings
 10997 | D:10     | Reached skill level 5 in Necromancy
 10997 | D:10     | Reached skill level 5 in Transmutations
 10997 | D:10     | Reached skill level 5 in Fire Magic
 10997 | D:10     | Reached skill level 5 in Ice Magic
 10997 | D:10     | Reached skill level 5 in Air Magic
 10997 | D:10     | Reached skill level 5 in Earth Magic
 10997 | D:10     | Reached skill level 5 in Poison Magic
 10997 | D:10     | Reached skill level 5 in Shapeshifting
 11510 | D:10     | Noticed a two-headed ogre
 11526 | D:10     | Killed a two-headed ogre
 12017 | D:11     | Reached skill level 8 in Armour
 12356 | D:11     | Reached *** piety under Cheibriados
 12700 | D:11     | Found a staircase to the Lair.
 12714 | D:11     | Noticed Psyche
 12721 | D:11     | Killed Psyche
 12748 | D:11     | Noticed a boulder beetle
 12781 | D:11     | Killed a boulder beetle
 12839 | D:11     | Found Diwyfoir's Distillery.
 12847 | D:11     | Bought a potion of lignification for 33 gold pieces
 12847 | D:11     | Bought 2 potions of curing for 66 gold pieces
 12847 | D:11     | Bought a potion of resistance for 110 gold pieces
 12847 | D:11     | Bought a potion of heal wounds for 55 gold pieces
 12847 | D:11     | Bought a potion of attraction for 33 gold pieces
 12847 | D:11     | Bought a potion of brilliance for 44 gold pieces
 12847 | D:11     | Bought a potion of mutation for 88 gold pieces
 12878 | D:11     | Reached **** piety under Cheibriados
 12922 | D:11     | Reached XP level 12. HP: 89/89 MP: 14/23
 13097 | D:11     | Reached skill level 9 in Armour
 13329 | D:11     | Learned a level 4 spell: Animate Dead
 13356 | Lair:1   | Entered Level 1 of the Lair of Beasts
 13945 | Lair:1   | Noticed a boulder beetle
 13959 | Lair:1   | Killed a boulder beetle
 14905 | Lair:2   | Found a staircase to the Snake Pit.
 14958 | Lair:2   | Noticed an eight-headed hydra
 15227 | Lair:3   | Reached skill level 10 in Armour
 15413 | Lair:2   | Killed an eight-headed hydra
 15755 | Lair:2   | Found a staircase to the Swamp.
 15831 | Lair:2   | Reached XP level 13. HP: 98/98 MP: 25/25
 16232 | Lair:3   | Reached ***** piety under Cheibriados
 16557 | Lair:3   | Reached skill level 10 in Translocations
 16787 | Lair:3   | Reached skill level 11 in Armour
 17061 | Lair:3   | Noticed Sonja
 17074 | Lair:3   | Killed Sonja
 17357 | Lair:4   | Reached skill level 10 in Axes
 17417 | Lair:4   | Reached XP level 14. HP: 108/108 MP: 27/27
 17447 | Lair:4   | Found a gate leading to a gauntlet.
 17505 | Lair:4   | Reached skill level 12 in Armour
 17505 | Lair:4   | Reached skill level 10 in Invocations
 17521 | Gauntlet | Entered a Gauntlet
 17521 | Gauntlet | Found a transporter.
 17590 | Gauntlet | Found a transporter.
 17592 | Gauntlet | Found a transporter.
 17593 | Gauntlet | Found a transporter.
 17596 | Gauntlet | Found a transporter.
 17597 | Gauntlet | Found a transporter.
 17605 | Gauntlet | Found a transporter.
 17627 | Gauntlet | Found a transporter.
 17677 | Gauntlet | Found a transporter.
 17695 | Gauntlet | Found a transporter.
 17699 | Gauntlet | Found a transporter.
 17709 | Gauntlet | Found a transporter.
 17837 | Gauntlet | Reached ****** piety under Cheibriados
 18079 | Gauntlet | Identified the +2 cloak of Ashenzari, Destroying {Rampage
                  | *Slow rPois Int+2}
 18090 | Gauntlet | Learned a level 3 spell: Vhi's Electric Charge
 18096 | Gauntlet | Learned a level 5 spell: Borgnjor's Vile Clutch
 19044 | Lair:5   | Entered Level 5 of the Lair of Beasts
 19266 | Lair:5   | Reached skill level 10 in Throwing
 19368 | Lair:5   | Found a staircase to the Slime Pits.
 19378 | Lair:5   | Found a viscous altar of Jiyva.
 19511 | Lair:5   | Reached skill level 10 in Spellcasting
 19657 | Lair:5   | Learned a level 4 spell: Passage of Golubria
 19707 | Lair:5   | Reached skill level 10 in Dodging
 19722 | Lair:5   | Reached skill level 10 in Stealth
 20122 | Lair:5   | Found the ring of the Octopus King
 20156 | Lair:5   | Identified a ring of the Octopus King {HP+2 MP+9 AC+2 EV+2
                  | SH+2}
 20791 | D:12     | Reached skill level 13 in Armour
 20832 | D:12     | Reached XP level 15. HP: 96/115 MP: 20/29
 20899 | D:12     | Noticed an orc warlord
 20916 | D:12     | Killed an orc warlord
 21121 | D:12     | Found a staircase to the Orcish Mines.
 21313 | D:12     | Reached skill level 10 in Fighting
 21313 | D:12     | Reached skill level 10 in Short Blades
 21313 | D:12     | Reached skill level 10 in Long Blades
 21313 | D:12     | Reached skill level 10 in Maces & Flails
 21313 | D:12     | Reached skill level 10 in Polearms
 21313 | D:12     | Reached skill level 10 in Staves
 21313 | D:12     | Reached skill level 10 in Ranged Weapons
 21313 | D:12     | Reached skill level 10 in Shields
 21313 | D:12     | Reached skill level 10 in Unarmed Combat
 21313 | D:12     | Reached skill level 10 in Evocations
 21765 | D:12     | Noticed Urug
 21782 | D:12     | Killed Urug
 22041 | D:13     | Identified the +6 war axe of the Middle {chaos, *Slow
                  | Will++ rCorr}
 22445 | D:13     | Found a gate to the Vaults.
 23276 | D:14     | Reached skill level 14 in Armour
 23561 | D:14     | Found a radiant altar of Vehumet.
 23629 | D:14     | Identified a scroll of acquirement
 23629 | D:14     | Acquired the amulet "Owevauwk" {RegenMP rF+ Regen+ rCorr
                  | Int-3}
 23707 | D:15     | Entered Level 15 of the Dungeon
 23839 | D:15     | Found a flickering gateway to a bazaar.
 23849 | Bazaar   | Entered a bazaar
 23849 | Bazaar   | Found Izum's Book Shoppe.
 23849 | Bazaar   | Found Waxkarchaipn's Weapon Emporium.
 23851 | Bazaar   | Found Foifedonk's Magic Scroll Shoppe.
 23867 | Bazaar   | Found Hemom's Antique Armour Emporium.
 23875 | Bazaar   | Bought a pair of twisted gloves for 171 gold pieces
 23875 | Bazaar   | Identified the +3 pair of gloves of Chimes {Str-4 Dex+5}
                  | (You bought it in a shop in a bazaar)
 23893 | Bazaar   | Bought the +3 crown of Dyrovepreva {rElec Int+2 SInv} for
                  | 745 gold pieces
 23893 | Bazaar   | Found the +3 crown of Dyrovepreva {rElec Int+2 SInv}
 23933 | Bazaar   | Bought a runed cloak for 135 gold pieces
 23961 | Bazaar   | Bought a scroll of identify for 14 gold pieces
 23961 | Bazaar   | Bought a scroll of identify for 14 gold pieces
 23961 | Bazaar   | Bought a scroll of identify for 14 gold pieces
 23966 | Bazaar   | Bought a scroll of fear for 28 gold pieces
 24117 | D:15     | Found a staircase to the Depths.
 24134 | D:15     | Reached XP level 16. HP: 124/124 MP: 31/31
 24762 | D:15     | Identified the +3 cloak of Modesty {Rampage Str+3}
 24925 | Orc:1    | Entered Level 1 of the Orcish Mines
 25040 | Orc:2    | Entered Level 2 of the Orcish Mines
 25125 | Orc:2    | Found a staircase to the Elven Halls.
 25346 | Orc:2    | Found Vuokh's General Store.
 25346 | Orc:2    | Found Xuithu's Armour Emporium.
 25347 | Orc:2    | Found Yshex's Jewellery Emporium.
 25351 | Orc:2    | Found Utaesul's Weapon Shoppe.
 25898 | Orc:2    | Found Zihiar's Antique Armour Emporium.
 26698 | Swamp:1  | Entered Level 1 of the Swamp
 26942 | Swamp:1  | Reached skill level 15 in Armour
 26975 | Swamp:1  | Learned a level 2 spell: Blink
 27857 | Swamp:2  | Reached XP level 17. HP: 92/131 MP: 5/32
 28119 | Swamp:3  | Identified the +0 ring mail of Inevitability {Drain rN+
                  | Dex+7}
 28358 | Swamp:4  | Entered Level 4 of the Swamp
 28410 | Swamp:4  | Noticed Nikola
 28425 | Swamp:4  | Killed Nikola
 28425 | Swamp:4  | Noticed Kirke
 28444 | Swamp:4  | Killed Kirke
 28593 | Swamp:4  | Your ally Kirke died
 28911 | Swamp:4  | Reached skill level 10 in Conjurations
 28911 | Swamp:4  | Reached skill level 10 in Hexes
 28911 | Swamp:4  | Reached skill level 10 in Summonings
 28911 | Swamp:4  | Reached skill level 10 in Necromancy
 28911 | Swamp:4  | Reached skill level 10 in Transmutations
 28911 | Swamp:4  | Reached skill level 10 in Fire Magic
 28911 | Swamp:4  | Reached skill level 10 in Ice Magic
 28911 | Swamp:4  | Reached skill level 10 in Air Magic
 28911 | Swamp:4  | Reached skill level 10 in Earth Magic
 28911 | Swamp:4  | Reached skill level 10 in Poison Magic
 28911 | Swamp:4  | Reached skill level 10 in Shapeshifting
 28980 | Swamp:4  | Got a decaying rune of Zot
 29064 | Swamp:4  | Identified the ring "Qoqoefug" {rPois Dex+3}
 29539 | Snake:1  | Entered Level 1 of the Snake Pit
 29554 | Snake:1  | You fall into a shaft and drop 1 floor!
 29597 | Snake:2  | Identified the +0 robe of Egorphed {*Slow rN+++ Dex+4}
 29673 | Snake:2  | Identified the +8 great sword of the Enchanting Penguin
                  | {holy, Fly rF+}
 30063 | Snake:2  | Acquired 1161 gold pieces
 30384 | Snake:1  | Reached skill level 16 in Armour
 31187 | Snake:3  | Reached XP level 18. HP: 109/140 MP: 17/34
 31271 | Snake:3  | Identified the +1 robe of Dice, Bag, and Bottle {+Blink rC+
                  | Stlth+}
 31822 | Snake:4  | Entered Level 4 of the Snake Pit
 32012 | Vaults:1 | Entered Level 1 of the Vaults
 32041 | Vaults:1 | Reached skill level 15 in Throwing
 32053 | Vaults:1 | Found Miomuod's Antique Armour Shoppe.
 32056 | Vaults:1 | Bought a crude robe for 131 gold pieces
 32056 | Vaults:1 | Identified the +2 robe "Moanuit" {Slay+5} (You bought it in
                  | a shop on level 1 of the Vaults)
 32110 | Vaults:1 | Was placed under penance by Cheibriados
 32236 | Vaults:1 | Identified the +1 robe "Uducac" {-Cast +Blink Dex+3}
 32302 | Vaults:1 | Was forgiven by Cheibriados
 32484 | Vaults:1 | Learned a level 6 spell: Death Channel
 32609 | Vaults:1 | Reached skill level 17 in Armour
 32734 | Vaults:1 | Noticed Norris
 32755 | Vaults:1 | Killed Norris
 33447 | Vaults:2 | Reached XP level 19. HP: 149/149 MP: 27/36
 34200 | Vaults:2 | Found Qurghil's Armour Shoppe.
 34757 | Vaults:2 | Found a staircase to the Crypt.
 35105 | Vaults:3 | Noticed Jory
 35117 | Vaults:3 | Killed Jory
 35121 | Vaults:3 | Reached skill level 18 in Armour
 35476 | Vaults:3 | Noticed Mennas
 35685 | Vaults:3 | Reached XP level 20. HP: 152/158 MP: 9/37
 36052 | Orc:2    | Learned a level 5 spell: Silence
 36068 | Orc:2    | Bought a scroll of acquirement for 884 gold pieces
 36068 | Orc:2    | Bought a potion of cancellation for 136 gold pieces
 36068 | Orc:2    | Acquired the scarf "Golezim" {rC+ rF+, rPois rN+ Str+3
                  | Slay+2}
 36331 | Snake:4  | Found Gagoe's Goods Gallery.
 36484 | Snake:4  | Reached skill level 15 in Invocations
 36584 | Snake:4  | Learned a level 4 spell: Leda's Liquefaction
 37170 | Snake:4  | Got a serpentine rune of Zot
 37568 | Vaults:3 | Killed Mennas
 37674 | Vaults:3 | Reached skill level 19 in Armour
 38389 | Vaults:4 | Reached skill level 15 in Axes
 38467 | Vaults:4 | Identified the +4 ring mail of Indemnity {Contam rCorr
                  | SInv}
 38606 | Vaults:4 | Noticed Donald
 38617 | Vaults:4 | Reached XP level 21. HP: 163/166 MP: 30/39
 38631 | Vaults:4 | Killed Donald
 39530 | Depths:1 | Entered Level 1 of the Depths
 39587 | Depths:1 | Noticed Saint Roka
 39615 | Depths:1 | Killed Saint Roka
 39621 | Depths:1 | Found a one-way gate leading to the halls of Pandemonium.
 39686 | Depths:1 | Reached skill level 15 in Spellcasting
 39748 | Depths:1 | Reached skill level 15 in Dodging
 39751 | Depths:1 | Noticed the Enchantress
 39774 | Depths:1 | Killed the Enchantress
 39775 | Depths:1 | Reached skill level 15 in Stealth
 39897 | Depths:1 | Found a shimmering blue altar of Sif Muna.
 39928 | Depths:1 | Got Sif Muna's Monograph on Doom
 39930 | Depths:1 | Got Sif Muna's Papyrus of the Morgue
 40077 | Depths:1 | Found a gateway to Hell.
 40122 | Depths:1 | Found a one-way gateway to a ziggurat.
 40282 | Depths:2 | Reached skill level 20 in Armour
 40445 | Depths:2 | Reached skill level 15 in Fighting
 40445 | Depths:2 | Reached skill level 15 in Short Blades
 40445 | Depths:2 | Reached skill level 15 in Long Blades
 40445 | Depths:2 | Reached skill level 15 in Maces & Flails
 40445 | Depths:2 | Reached skill level 15 in Polearms
 40445 | Depths:2 | Reached skill level 15 in Staves
 40445 | Depths:2 | Reached skill level 15 in Ranged Weapons
 40445 | Depths:2 | Reached skill level 15 in Shields
 40445 | Depths:2 | Reached skill level 15 in Unarmed Combat
 40445 | Depths:2 | Reached skill level 15 in Evocations
 40455 | Depths:2 | Reached XP level 22. HP: 149/175 MP: 28/41
 40462 | Depths:2 | Noticed a golden dragon
 40475 | Depths:2 | Killed a golden dragon
 40496 | Depths:2 | Noticed a golden dragon
 40536 | Depths:2 | Killed a golden dragon
 41263 | Depths:2 | Found Lunougei's Book Shop.
 41263 | Depths:2 | Found Fuduzoif's Jewellery Shoppe.
 41265 | Depths:2 | Found Huinob's Jewellery Shoppe.
 41413 | Depths:3 | Found a one-way gate to the infinite horrors of the Abyss.
 41853 | Depths:3 | Noticed a caustic shrike
 41859 | Depths:3 | Killed a caustic shrike
 41925 | Depths:3 | Identified the +2 robe "Qilen" {Drain rElec Int+3}
 42104 | Depths:3 | Reached skill level 21 in Armour
 42138 | Depths:3 | Identified the +2 morningstar "Huloikuw" {freeze, Will++
                  | Dex+2}
 42221 | Depths:3 | Identified the +5 trident of Anox {freeze, rN+ MP+9}
 42283 | Depths:3 | Noticed a juggernaut
 42301 | Depths:3 | Killed a juggernaut
 42302 | Depths:3 | Reached XP level 23. HP: 183/183 MP: 35/42
 42313 | Depths:3 | Reached skill level 15 in Translocations
 42388 | Depths:3 | Noticed Boris
 42406 | Depths:3 | Killed Boris
 42535 | Depths:3 | Found an opulent altar of Gozag.
 42844 | Depths:4 | Entered Level 4 of the Depths
 43024 | Depths:4 | Noticed Sojobo
 43039 | Depths:4 | Killed Sojobo
 43336 | Depths:4 | Found a radiant altar of Vehumet.
 43345 | Depths:4 | Learned a level 5 spell: Freezing Cloud
 43506 | Depths:4 | Noticed a golden dragon
 43536 | Depths:4 | Killed a golden dragon
 43542 | Depths:4 | Noticed a juggernaut
 43552 | Depths:4 | Killed a juggernaut
 43611 | Depths:4 | Found a gate to the Realm of Zot.
 44433 | Elf:1    | Entered Level 1 of the Elven Halls
 44568 | Elf:1    | Identified the +6 battleaxe of Evolution {drain, +Blink
                  | rPois Will- Stlth-}
 44814 | Elf:1    | Acquired the ring of the Garden {rPois rN+ Will+ Dex+3}
 44876 | Elf:1    | Found a portal to a secret trove of treasure.
 45404 | Elf:2    | Found a radiant altar of Vehumet.
 45508 | Elf:2    | Found Nosunn's General Store.
 45619 | Elf:2    | Reached XP level 24. HP: 146/192 MP: 43/43
 45800 | Elf:2    | Found a runed translucent gate.
 45800 | Elf:2    | Found a runed translucent gate.
 45800 | Elf:2    | Found a runed translucent gate.
 46115 | Elf:2    | Bought a scroll of enchant weapon for 157 gold pieces
 46115 | Elf:2    | Bought a scroll of enchant armour for 157 gold pieces
 46115 | Elf:2    | Bought 2 potions of mutation for 336 gold pieces
 46183 | Elf:2    | Reached skill level 22 in Armour
 46558 | Elf:3    | Entered Level 3 of the Elven Halls
 46571 | Elf:3    | Identified the +0 leather armour "Giutay" {+Blink rF-
                  | Str+3}
 46658 | Elf:3    | Identified the +1 spear "Qaotiynt" {vamp, rF+}
 47273 | Abyss:3  | Cast into level 3 of the Abyss (a deep elf sorcerer)
 47356 | Abyss:3  | Found a corrupted altar of Lugonu.
 47539 | Abyss:3  | Noticed an ancient lich
 47550 | Abyss:3  | Killed an ancient lich
 47633 | Abyss:3  | Got an abyssal rune of Zot
 47655 | Elf:3    | Escaped the Abyss
 47837 | Elf:3    | Identified the +5 rapier of Karma {holy, rN+ Dex+7}
 47837 | Elf:3    | Identified the +9 scimitar "Jeapanna" {spect, rN+ Dex+5}
 47838 | Elf:3    | Identified the ring of Foolhardiness {Fire Drain rElec
                  | rPois rCorr}
 47932 | Elf:3    | Acquired 956 gold pieces
 47980 | Elf:3    | Got the Vellum of the Bloody Spider
 47981 | Elf:3    | Identified the +10 rapier of Inconvenience {antimagic,
                  | Int+2}
 47990 | Elf:3    | Identified the +1 pair of gloves "Ucoesifa" {rElec rPois
                  | Slay-6}
 48102 | Elf:3    | Learned a level 5 spell: Irradiate
 48111 | Elf:3    | Learned a level 7 spell: Haunt
 48423 | Vaults:4 | Learned a level 7 spell: Ozocubu's Refrigeration
 48450 | Vaults:5 | Entered Level 5 of the Vaults
 48571 | Vaults:5 | Noticed a dread lich
 48583 | Vaults:5 | Killed a dread lich
 48782 | Vaults:5 | Reached XP level 25. HP: 201/201 MP: 44/44
 48914 | Vaults:5 | Identified the ring of Umippyath {Wiz rElec Dex+2}
 49084 | Vaults:5 | Reached skill level 23 in Armour
 49308 | Vaults:5 | Identified the +6 halberd of Blood-Lust {freeze, Int+2}
 49356 | Vaults:5 | Identified the +5 great sword of Bueme {freeze, rC+}
 49532 | Vaults:5 | Identified the +3 dire flail "Hyvip" {spect, *Rage Fly
                  | Dex+8}
 49576 | Vaults:5 | Identified the +6 long sword of Symmetry {drain, rC+ Dex+3
                  | SInv}
 49576 | Vaults:5 | Identified the +0 leather armour "Sogim" {+Blink rPois
                  | Str-3}
 50105 | Vaults:5 | Got a silver rune of Zot
 50563 | Zot:1    | Entered Level 1 of the Realm of Zot
 50617 | Zot:1    | Noticed an orb of fire
 50627 | Zot:1    | Killed an orb of fire
 50809 | Zot:1    | You fall into a shaft and drop 1 floor!
 50946 | Zot:2    | Noticed a Killer Klown
 50956 | Zot:2    | Killed a Killer Klown
 51805 | Zot:3    | Noticed a Killer Klown
 52125 | Zot:3    | Reached skill level 15 in Conjurations
 52125 | Zot:3    | Reached skill level 15 in Hexes
 52125 | Zot:3    | Reached skill level 15 in Summonings
 52125 | Zot:3    | Reached skill level 15 in Necromancy
 52125 | Zot:3    | Reached skill level 15 in Transmutations
 52125 | Zot:3    | Reached skill level 15 in Fire Magic
 52125 | Zot:3    | Reached skill level 15 in Ice Magic
 52125 | Zot:3    | Reached skill level 15 in Air Magic
 52125 | Zot:3    | Reached skill level 15 in Earth Magic
 52125 | Zot:3    | Reached skill level 15 in Poison Magic
 52125 | Zot:3    | Reached skill level 15 in Shapeshifting
 52152 | Zot:3    | Noticed a Killer Klown
 52152 | Zot:3    | Noticed a Killer Klown
 52153 | Zot:3    | Noticed a Killer Klown
 52154 | Zot:3    | Noticed a Killer Klown
 52164 | Zot:3    | Noticed a dread lich
 52335 | Zot:3    | Reached XP level 26. HP: 210/210 MP: 44/44
 52406 | Zot:3    | Killed a Killer Klown
 52418 | Zot:3    | Killed a Killer Klown
 52531 | Zot:3    | Killed a Killer Klown
 52541 | Zot:3    | Killed a Killer Klown
 52594 | Zot:3    | Killed a dread lich
 52660 | Zot:3    | Killed a Killer Klown
 53020 | Zot:4    | Reached skill level 24 in Armour
 53217 | Zot:4    | Found a burning altar of Makhleb.
 53510 | Zot:5    | Entered Level 5 of the Realm of Zot
 53598 | Zot:5    | Found the +4 dragonskin cloak
 53598 | Zot:5    | Noticed Tiamat
 53614 | Zot:5    | Killed Tiamat
 54117 | Zot:5    | Noticed an ancient lich
 54674 | Zot:5    | Noticed an orb of fire
 54679 | Zot:5    | Gained mutation: Armour fits poorly on your strangely
                  | shaped body. [an orb of fire]
 54680 | Zot:5    | Gained mutation: You are weak. (Str -2) [an orb of fire]
 54688 | Zot:5    | Gained mutation: You are frail. (-10% HP) [an orb of fire]
 54698 | Zot:5    | Gained mutation: You occasionally lose the ability to drink
                  | potions when taking damage. [an orb of fire]
 54704 | Zot:5    | Gained mutation: You sometimes lose your temper in combat.
                  | [an orb of fire]
 54705 | Zot:5    | Killed an orb of fire
 54706 | Zot:5    | Lost mutation: You are weak. (Str -2) [potion of mutation]
 54706 | Zot:5    | Lost mutation: You are frail. (-10% HP) [potion of
                  | mutation]
 54706 | Zot:5    | Lost mutation: Armour fits poorly on your strangely shaped
                  | body. [potion of mutation]
 54706 | Zot:5    | Gained mutation: You have an uncontrollable temper. [potion
                  | of mutation]
 54707 | Zot:5    | Lost mutation: You occasionally lose the ability to drink
                  | potions when taking damage. [potion of mutation]
 54707 | Zot:5    | Lost mutation: You have an uncontrollable temper. [potion
                  | of mutation]
 54707 | Zot:5    | Lost mutation: You sometimes lose your temper in combat.
                  | [potion of mutation]
 54707 | Zot:5    | Gained mutation: You are frail. (-10% HP) [potion of
                  | mutation]
 54707 | Zot:5    | Gained mutation: You are resistant to electric shocks.
                  | (rElec) [potion of mutation]
 54765 | Zot:5    | Noticed a Killer Klown
 54773 | Zot:5    | Killed a Killer Klown
 54780 | Zot:5    | Noticed an orb of fire
 54780 | Zot:5    | Noticed an orb of fire
 54782 | Zot:5    | Gained mutation: Your magical capacity is low. (-10% MP)
                  | [an orb of fire]
 54783 | Zot:5    | Gained mutation: You are clumsy. (Dex -2) [an orb of fire]
 54798 | Zot:5    | Killed an orb of fire
 54812 | Zot:5    | Gained mutation: Your magical capacity is very low. (-20%
                  | MP) [an orb of fire]
 54814 | Zot:5    | Gained mutation: You are vulnerable to cold. (rC-) [an orb
                  | of fire]
 54817 | Zot:5    | Gained mutation: You are very vulnerable to cold. (rC--)
                  | [an orb of fire]
 54818 | Zot:5    | Killed an orb of fire
 54820 | Zot:5    | Lost mutation: You are clumsy. (Dex -2) [potion of
                  | mutation]
 54820 | Zot:5    | Lost mutation: You are resistant to electric shocks.
                  | (rElec) [potion of mutation]
 54820 | Zot:5    | Lost mutation: You are frail. (-10% HP) [potion of
                  | mutation]
 54821 | Zot:5    | Lost mutation: Your magical capacity is very low. (-20% MP)
                  | [potion of mutation]
 54821 | Zot:5    | Lost mutation: Your magical capacity is low. (-10% MP)
                  | [potion of mutation]
 54821 | Zot:5    | Gained mutation: You do not regenerate when monsters are
                  | visible. [potion of mutation]
 54821 | Zot:5    | Gained mutation: You have sharp toenails. [potion of
                  | mutation]
 54821 | Zot:5    | Gained mutation: You are covered in fur. (AC +1) [potion of
                  | mutation]
 54822 | Zot:5    | Lost mutation: You are covered in fur. (AC +1) [potion of
                  | mutation]
 54822 | Zot:5    | Lost mutation: You have sharp toenails. [potion of
                  | mutation]
 54822 | Zot:5    | Lost mutation: You are very vulnerable to cold. (rC--)
                  | [potion of mutation]
 54822 | Zot:5    | Gained mutation: You occasionally lose the ability to read
                  | scrolls when taking damage. [potion of mutation]
 54822 | Zot:5    | Gained mutation: You expend magic power (3 MP) to
                  | strengthen your wands. [potion of mutation]
 54823 | Zot:5    | Lost mutation: You do not regenerate when monsters are
                  | visible. [potion of mutation]
 54823 | Zot:5    | Lost mutation: You expend magic power (3 MP) to strengthen
                  | your wands. [potion of mutation]
 54823 | Zot:5    | Gained mutation: Your mind is acute. (Int +4, Str/Dex -1)
                  | [potion of mutation]
 54823 | Zot:5    | Gained mutation: You are partially covered in iridescent
                  | scales. (AC +2) [potion of mutation]
 54847 | Zot:5    | Reached XP level 27. HP: 202/219 MP: 45/45
 55012 | Zot:5    | Noticed an orb of fire
 55014 | Zot:5    | Paralysed by a Zot trap for 2 turns
 55021 | Zot:5    | Gained mutation: You are weak. (Str -2) [an orb of fire]
 55030 | Zot:5    | Killed an orb of fire
 55140 | Zot:5    | Noticed an orb of fire
 55147 | Zot:5    | Gained mutation: Your body sometimes deteriorates upon
                  | taking damage. [an orb of fire]
 55150 | Zot:5    | Killed an orb of fire
 55293 | Zot:5    | Noticed a dread lich
 55302 | Zot:5    | Killed a dread lich
 55343 | Zot:5    | Noticed an orb of fire
 55349 | Zot:5    | Killed an orb of fire
 55352 | Zot:5    | Reached skill level 25 in Armour
 55472 | Zot:5    | Lost mutation: Your body sometimes deteriorates upon taking
                  | damage. [potion of mutation]
 55472 | Zot:5    | Lost mutation: You are weak. (Str -2) [potion of mutation]
 55472 | Zot:5    | Lost mutation: You are vulnerable to cold. (rC-) [potion of
                  | mutation]
 55472 | Zot:5    | Gained mutation: Armour fits poorly on your strangely
                  | shaped body. [potion of mutation]
 55472 | Zot:5    | Gained mutation: Your system is resistant to poisons.
                  | (rPois) [potion of mutation]
 55473 | Zot:5    | Got the Orb of Zot
 55512 | Zot:5    | Noticed Yfeak the pandemonium lord
 55531 | Zot:5    | Killed an ancient lich
 55534 | Zot:5    | Noticed Xeun the pandemonium lord
 55538 | Zot:5    | Killed Yfeak the pandemonium lord
 55577 | Zot:5    | Killed Xeun the pandemonium lord
 55603 | Zot:3    | Noticed a seraph
 55645 | Zot:2    | Noticed Nurof the pandemonium lord
 55657 | Zot:2    | Killed Nurof the pandemonium lord
 55859 | D:15     | Noticed Ibreimp the pandemonium lord
 56128 | D:$      | Escaped with the Orb!

Illustrated notes

Levels and vault maps discovered:
D:1:      wander_arrival_peaceful_grave, layout_basic, nicolae_the_louvre
D:2:      layout_loops_cross, minmay_divided_ellipse
D:3:      layout_rooms, mainiacjoe_overflow_24_doors, gup_sewer_entry_pipe,
          corexii_shack, uniq_terence, uniq_natasha
D:4:      layout_rooms
D:5:      layout_cave_pools, serial_rivers, chequers_serial_rivers_micro_d,
          chequers_serial_rivers_micro_b, chequers_serial_rivers_micro_c,
          chequers_serial_rivers_small_3
D:6:      layout_loops_ring, kennysheep_mini_moat, minmay_temple_entry_hall
D:7:      layout_loops_cross, doesnt_xom_only_xom
D:8:      layout_loops_cross, kennysheep_little_box, nicolae_nh_ransacked_shop
D:9:      layout_cave_pods, minivault_12, uniq_maggie, uniq_erica, uniq_pikel
D:10:     nzn_motion_control, layout_loops_ring, amcnicky_mini_pool_small
D:11:     layout_roguey [special_room_kobold], erik_lair_island, serial_shops,
          shop, uniq_psyche
D:12:     orc_temple, layout_basic, orc_0_dummy, uniq_urug
D:13:     layout_grid_maze, lightli_vaults_fourway_checkpoint
D:14:     layout_cave_pools, chequers_decorated_corner, minivault_16,
          fiery_altar_vehumet
D:15:     gammafunk_depths_entry_grave, layout_gridville, serial_shops,
          bzr_entry_water, serial_glass, glass_columns_b, glass_columns_c,
          minmay_misc_feat_alley, minmay_misc_feat_enclosed
Temple:   nicolae_temple_no_exploring_needed
Lair:1:   layout_layer_cave, serial_bayou_shore_b, serial_bayou_shore_a
Lair:2:   layout_cellular_growth, swamp_mist, minmay_snake_entry_guardpost_small
Lair:3:   layout_concentric_octagons, cheibrodos_lair_reptile_den,
          grunt_megastairs_1, uniq_sonja
Lair:4:   layout_loops_ring, gauntlet_entry_generic, nicolae_lair_lakeside_cave,
          grunt_megastairs_3, infiniplex_staircase_pool
Lair:5:   gammafunk_lair_ancient_temple, layout_gridlike,
          nicolae_slime_entry_field_trip, special_room
          [special_room_mythical_zoo]
Swamp:1:  layout_falls_marsh, evilmike_swamp_ruin_house_4
Swamp:2:  layout_basic_swamp, nicolae_swamp_little_swirl, swamp_pool3,
          nicolae_swamp_very_dense_foliage
Swamp:3:  layout_falls_marsh, hangedman_swamp_diagram
Swamp:4:  swamp_icy, layout_basic_swamp, uniq_nikola, uniq_kirke
Snake:1:  layout_grid_shapes, nicolae_snake_mages_go_home
Snake:2:  nrook_guardian_serpent_snake_passage, layout_onion
Snake:3:  layout_cave_town, nicolae_snake_salamander_fort
Snake:4:  johnstein_snake_rune_scales, layout_rooms, nicolae_alphabet_shops,
          nicolae_snake_dead_anacondas, lemuel_fruit_tree
Orc:1:    layout_diamond_mine
Orc:2:    st_orc_mages, layout_diamond_mine, serial_shops, shop
Elf:1:    eino_elf_arrival_the_gate, layout_geoelf_diagonals, enter_trove_2,
          hangedman_elven_crosses_minicolossus
Elf:2:    elven_hall_of_blades_hangedman_original [mumra_blade_entry_bloodbath],
          layout_geoelf_diagonals, serial_shops, nicolae_shop_statue_plus,
          basic_altar, minivault_23, serial_sigils_hangedman_scratch,
          amethyst_killhole
Elf:3:    minmay_elf_hall_not_hex, layout_geoelf_octagon
Vaults:1: nicolae_vaults_trapezoid_3, nicolae_vaults_border_crossing,
          vaults_mumra_hex, dpeg_vaults_monster_box,
          nicolae_vaults_more_shelving_2, nicolae_vaults_apartment_1,
          layout_vaults_quadrants, serial_shops, nicolae_shop_window_shopping,
          uniq_norris
Vaults:2: nicolae_vaults_storage_closets_3, special_room_vaults
          [special_room_orc], v_rooms_3, vaults_mumra_minichess,
          nicolae_vaults_taking_the_gang_shopping,
          nicolae_vaults_hexular_roomagon, minmay_crypt_entry_simple_box,
          v_rooms_2, v_pattern_1, vaults_room_stairs_pillars,
          nicolae_vaults_diamond_1, layout_vaults_chaotic_city
Vaults:3: v_misc_23, nicolae_vaults_oval_intersection, v_alt_pattern_2,
          v_alt_pattern_5, hangedman_vaults_variations,
          nicolae_vaults_offset_grid_hallway_4, v_misc_33,
          nicolae_vaults_little_squares_2, grunt_vaults_twisty,
          nicolae_vaults_weapon_check, layout_vaults_ring, uniq_mennas,
          uniq_jory
Vaults:4: vaults_dpeg_cross, nicolae_vaults_network_periphery, v_alt_pattern_1,
          v_misc_30, nicolae_vaults_twisting_passages, hangedman_vaults_stagger,
          nicolae_vaults_six-pack, v_misc_10, ontoclasm_vaults_claustrophobia,
          layout_vaults_maze_snakey, serial_glass, uniq_donald
Vaults:5
Depths:1: layout_cave_pools, enter_ziggurat_f, hell_entry, hangedman_decor_push,
          pan_entry, nicolae_sif_muna_little_library, uniq_enchantress,
          uniq_saint_roka
Depths:2: minmay_central_circle, layout_twisted_cross,
          serial_sigils_hangedman_gnaw, hell_entry, pan_entry,
          serial_bayou_shore_b, minmay_shop_grove
Depths:3: kennysheep_large_vault, layout_basic, hangedman_abyss_entry_splay,
          grunt_metal_band, nicolae_gozag_cash_rules_everything_around_me,
          infiniplex_staircase_zigzag_1, uniq_boris
Depths:4: grunt_zot_entry_alcove, layout_basic, lemuel_tele_altar, hell_entry,
          uniq_sojobo
Zot:1:    layout_gridville, grunt_megastairs_4
Zot:2:    layout_gridlike, st_stairs_13, grunt_megastairs_2
Zot:3:    ebering_klown_carousel, layout_onion
Zot:4:    nicolae_zot_draconian_monastery, layout_twisted_circle
Zot:5:    layout_misc_corridors, hangedman_zot_decor_unnerving_road, uniq_tiamat

Skill      XL: |  1  2  3  4  5  6  7  8  9 10 11 12 13 14 15 16 17 18 19 20 21 22 23 24 25 26 27 |
---------------+----------------------------------------------------------------------------------+-----
Invocations    | 1 2 3 4 5 6 7 8 9 10 11 12 13 14 15 16 17 18 19 20 | 20.3
Fighting       | 1 2 3 4 6 7 9 10 11 12 13 14 15 16 17 18 | 18.8
Short Blades   | 1 2 3 4 6 7 9 10 11 12 13 14 15 16 17 18 | 18.8
Long Blades    | 1 2 3 4 6 7 9 10 11 12 13 14 15 16 17 18 | 18.8
Maces & Flails | 1 2 3 4 6 7 9 10 11 12 13 14 15 16 17 18 | 18.8
Polearms       | 1 2 3 4 6 7 9 10 11 12 13 14 15 16 17 18 | 18.8
Staves         | 1 2 3 4 6 7 9 10 11 12 13 14 15 16 17 18 | 18.8
Ranged Weapons | 1 2 3 4 6 7 9 10 11 12 13 14 15 16 17 18 | 18.8
Armour         | 1 2 3 5 7 8 10 11 13 14 15 16 17 18 19 20 21 22 23 24 25 | 25.2
Shields        | 1 2 3 4 6 7 9 10 11 12 13 14 15 16 17 18 | 18.8
Unarmed Combat | 1 2 3 4 6 7 9 10 11 12 13 14 15 16 17 18 | 18.8
Evocations     | 1 2 3 4 6 7 9 10 11 12 13 14 15 16 17 18 | 18.8
Spellcasting   | 3 4 5 6 7 8 9 10 11 12 13 14 15 16 17 18 19 | 19.0
Throwing       | 3 4 5 6 7 8 9 10 12 13 14 15 17 18 19 20 21 22 23 24 | 24.3
Dodging        | 3 4 5 6 7 8 9 10 11 12 13 14 15 16 17 18 | 18.9
Conjurations   | 1 2 3 4 5 6 7 8 9 10 11 12 13 14 15 16 | 16.0
Hexes          | 1 2 3 4 5 6 7 8 9 10 11 12 13 14 15 16 | 16.0
Summonings     | 1 2 3 4 5 6 7 8 9 10 11 12 13 14 15 16 | 16.0
Necromancy     | 1 2 3 4 5 6 7 8 9 10 11 12 13 14 15 16 | 16.0
Transmutations | 1 2 3 4 5 6 7 8 9 10 11 12 13 14 15 16 | 16.0
Fire Magic     | 1 2 3 4 5 6 7 8 9 10 11 12 13 14 15 16 | 16.0
Ice Magic      | 1 2 3 4 5 6 7 8 9 10 11 12 13 14 15 16 | 16.0
Air Magic      | 1 2 3 4 5 6 7 8 9 10 11 12 13 14 15 16 | 16.0
Earth Magic    | 1 2 3 4 5 6 7 8 9 10 11 12 13 14 15 16 | 16.0
Poison Magic   | 1 2 3 4 5 6 7 8 9 10 11 12 13 14 15 16 | 16.0
Shapeshifting  | 1 2 3 4 5 6 7 8 9 10 11 12 13 14 15 16 | 16.0
Stealth        | 3 4 5 6 7 8 9 10 11 12 13 14 15 16 17 18 | 18.9
Axes           | 5 6 7 8 9 10 11 12 13 14 15 16 17 18 19 | 19.2
Translocations | 8 9 10 11 12 13 14 15 16 17 | 17.3

Action                     |  1- 3 |  4- 6 |  7- 9 | 10-12 | 13-15 | 16-18 | 19-21 | 22-24 | 25-27 || total
---------------------------+-------+-------+-------+-------+-------+-------+-------+-------+-------++-------
  Melee: Hand axe          |   117 |    20 |       |       |       |       |       |       |       ||   137
         Bite              |    11 |    16 |    28 |    76 |   122 |   167 |   179 |   157 |   140 ||   896
         Punch             |     2 |     2 |     4 |    25 |       |       |       |       |       ||    33
         Dagger            |       |    28 |       |       |       |       |       |       |       ||    28
         Long sword        |       |    91 |   150 |       |       |       |       |       |       ||   241
         Whip              |       |       |    12 |       |       |       |       |       |       ||    12
         Trident           |       |       |   115 |   642 |   434 |       |       |       |       ||  1191
         Short sword       |       |       |       |     4 |       |       |       |       |       ||     4
         Demon blade       |       |       |       |       |   372 |   681 |   768 |   675 |   566 ||  3062
         Demon trident     |       |       |       |       |   203 |   745 |   361 |   127 |       ||  1436
         Scimitar          |       |       |       |       |       |     5 |       |       |       ||     5
         Broad axe         |       |       |       |       |       |       |     3 |       |       ||     3
         Eudemon blade     |       |       |       |       |       |       |       |    75 |    63 ||   138
         Hand crossbow     |       |       |       |       |       |       |       |     4 |       ||     4
   Fire: Sling             |       |       |    40 |       |       |       |       |       |       ||    40
         Arbalest          |       |       |    27 |    67 |       |       |       |       |       ||    94
         Hand crossbow     |       |       |       |       |       |       |   149 |   544 |   571 ||  1264
  Throw: Dart              |    14 |    44 |    58 |    99 |    21 |    20 |       |       |       ||   256
         Stone             |     1 |     1 |       |       |       |       |       |       |       ||     2
         Throwing net      |       |       |     1 |     1 |       |       |       |       |       ||     2
   Cast: Manifold Assault  |       |       |     7 |    23 |    79 |   153 |    55 |    33 |       ||   350
         Scorch            |       |       |     9 |    28 |     8 |     1 |       |       |       ||    46
         Ozocubu's Armour  |       |       |     3 |     6 |    13 |    11 |     3 |       |       ||    36
         Call Canine Famil |       |       |       |    10 |     1 |       |       |       |       ||    11
         Animate Dead      |       |       |       |     5 |    18 |    27 |    12 |     4 |       ||    66
         Borgnjor's Vile C |       |       |       |       |     4 |     1 |     6 |     3 |     2 ||    16
         Vhi's Electric Ch |       |       |       |       |    16 |    33 |    16 |    20 |     4 ||    89
         Sandblast         |       |       |       |       |     1 |       |       |       |       ||     1
         Death Channel     |       |       |       |       |       |     4 |    22 |    18 |    10 ||    54
         Leda's Liquefacti |       |       |       |       |       |       |     3 |     4 |       ||     7
         Silence           |       |       |       |       |       |       |       |     5 |       ||     5
         Freezing Cloud    |       |       |       |       |       |       |       |    19 |     1 ||    20
         Haunt             |       |       |       |       |       |       |       |     2 |    12 ||    14
         Irradiate         |       |       |       |       |       |       |       |     1 |     8 ||     9
         Ozocubu's Refrige |       |       |       |       |       |       |       |       |    45 ||    45
         Passage of Golubr |       |       |       |       |       |       |       |       |     1 ||     1
 Invoke: Slouch            |       |       |       |       |     1 |     1 |     8 |       |     3 ||    13
  Evoke: Wand              |       |       |       |    18 |     3 |    39 |     1 |     6 |       ||    67
         Phantom mirror    |       |       |       |       |     2 |     3 |     4 |     2 |     1 ||    12
         Phial of floods   |       |       |       |       |       |     1 |     2 |       |     1 ||     4
         Lightning rod     |       |       |       |       |       |       |     3 |     8 |       ||    11
    Use: Potion            |     1 |     1 |     2 |     2 |     1 |       |     3 |     7 |    15 ||    32
         Scroll            |       |       |    11 |     5 |    13 |     7 |     6 |    24 |    22 ||    88
   Stab: Sleeping          |     4 |       |     2 |     3 |     8 |    13 |    10 |     2 |     1 ||    43
         Distracted        |       |       |       |     5 |    19 |    47 |    44 |    31 |    17 ||   163
         Invisible         |       |       |       |       |       |       |       |     5 |       ||     5
 Armour: Leather armour    |    35 |    27 |       |       |       |       |       |       |       ||    62
         Chain mail        |       |    14 |       |       |       |       |       |       |       ||    14
         Ring mail         |       |     3 |   125 |   140 |    64 |   148 |    97 |       |       ||   577
         Swamp dragon scal |       |       |       |    45 |    88 |       |       |       |       ||   133
         Acid dragon scale |       |       |       |       |       |       |    11 |   116 |    60 ||   187
  Dodge: Dodged            |    73 |    62 |   185 |   377 |   432 |   499 |   577 |   621 |   354 ||  3180
  Block: Other             |       |       |       |    75 |       |       |       |       |       ||    75
         Reflection        |       |       |       |     1 |    17 |       |       |       |       ||    18
         Buckler           |       |       |       |    75 |    40 |       |       |       |       ||   115
         Kite shield       |       |       |       |       |   777 |   801 |   854 |   422 |       ||  2854
         Tower shield      |       |       |       |       |       |       |       |   444 |   829 ||  1273

Table legend: (Time is in decaauts)
 A = Elapsed time spent in this place.
 B = Non-inter-level travel time spent in this place.
 C = Inter-level travel time spent in this place.
 D = Time resting spent in this place.
 E = Time spent auto-exploring this place.
 F = Levels seen in this place.
 G = Mean time per level.
                   A        B        C        D        E       F      G
               +--------+--------+--------+--------+--------+-----+--------+
         Total |  84589 |  74053 |  10536 |   2597 |  49321 |  52 | 1626.7 |
       Dungeon |  21641 |  18632 |   3009 |   1019 |  11710 |  15 | 1442.7 |
        Temple |      1 |      1 |      0 |      0 |      0 |   1 |    1.0 |
          Lair |  10859 |   9655 |   1204 |    237 |   6777 |   5 | 2171.8 |
         Swamp |   4853 |   4331 |    522 |     75 |   3219 |   4 | 1213.2 |
     Snake Pit |   5776 |   4946 |    830 |     59 |   3857 |   4 | 1444.0 |
  Orcish Mines |   3212 |   2419 |    793 |      3 |   1885 |   2 | 1606.0 |
   Elven Halls |   5686 |   5421 |    265 |     98 |   4224 |   3 | 1895.3 |
        Vaults |  13838 |  11446 |   2392 |     73 |   7944 |   5 | 2767.6 |
        Depths |   7234 |   6192 |   1042 |     92 |   4550 |   4 | 1808.5 |
           Zot |   8155 |   7680 |    475 |    615 |   3988 |   5 | 1631.0 |
         Abyss |    495 |    495 |      0 |      0 |    199 |   1 |  495.0 |
        Bazaar |    212 |    212 |      0 |      0 |     44 |   1 |  212.0 |
         Sewer |   1500 |   1500 |      0 |    322 |    548 |   1 | 1500.0 |
      Gauntlet |   1120 |   1120 |      0 |      2 |    372 |   1 | 1120.0 |
               +--------+--------+--------+--------+--------+-----+--------+

Top non-repeatable levels by time:
Vaults:3: 3365 daAuts
Depths:3: 2873 daAuts
   Zot:5: 2854 daAuts
  Lair:1: 2850 daAuts
Vaults:1: 2825 daAuts
Vaults:5: 2795 daAuts
Vaults:2: 2725 daAuts
    D:12: 2425 daAuts
  Lair:2: 2375 daAuts
  Lair:5: 2302 daAuts
   Orc:2: 2248 daAuts
   Zot:3: 2171 daAuts
    D:11: 2163 daAuts
    D:13: 2129 daAuts
Vaults:4: 2126 daAuts
